 Dungeon Crawl Stone Soup version 0.27-a0-633-gc6addc0a40 (webtiles) character file.

Game seed: 13107393664795882871

631467 siradein the Hoplite (level 27, -6/185 HPs)
             Began as a Demonspawn Fighter on Mar 12, 2021.
             Was the Champion of Qazlal.
             Mangled by an Orb Guardian (40 damage)
             ... on level 5 of the Realm of Zot on Mar 13, 2021.
             The game lasted 08:06:12 (68014 turns).

siradein the Hoplite (Demonspawn Fighter)          Turns: 68014, Time: 08:06:13

Health: -6/185     AC: 41    Str: 29    XL:     27
Magic:  38/39      EV: 24    Int: 17    God:    Qazlal [******]
Gold:   3156       SH: 38    Dex: 22    Spells: 49/51 levels left

rFire    + + +     SeeInvis +   v - +8 demon trident (flame)
rCold    + . .     Faith    .   l - +3 tower shield
rNeg     + + .     Spirit   .   k - +9 plate armour of Cegonk {rPois Will+ Int+3 SInv}
rPois    +         Reflect  .   (helmet unavailable)
rElec    +         Harm     .   B - +2 cloak {Will+}
rCorr    .         Rampage  +   h - +1 pair of gloves of Widah {*Drain rC+ rN+ Dex+3}
rMut     +                      M - +2 pair of boots {rampage}
Will     ++++.                  y - amulet of Vitality {Regen+ HP+15}
Stlth    ..........             w - ring "Xelug" {Fire *Drain rElec rPois Int+4}
HPRegen  1.40/turn              j - ring "Mekhodgh" {Wiz rF+ rC+ Str+6}
MPRegen  0.26/turn

@: lethally poisoned (-6 -> -6), about to teleport, protected from physical
damage, studying 2 skills, repel missiles
A: horns 3, repulsion field 3, demonic guardian 3, negative energy resistance 1,
powered by death 3, 50% torment resistance, black mark, blurry vision 1, fire
resistance 1, frail 2, mutation resistance 3, poison resistance, subdued magic 1
}: 3/15 runes: serpentine, barnacled, silver
a: Renounce Religion, Upheaval, Elemental Force, Disaster Area


You were on level 5 of the Realm of Zot.
You worshipped Qazlal.
Qazlal was exalted by your worship.
You visited 10 branches of the dungeon, and saw 50 of its levels.
You visited the Abyss 1 time.
You visited 1 bazaar.
You also visited: Trove and Ice Cave.

You collected 9169 gold pieces.
You spent 6013 gold pieces at shops.

Inventory:

Hand Weapons
 p - the +9 sword of Zonguldrok {reap}
   (You found it on level 3 of the Depths)

   If a monster killed with it leaves a corpse in good enough shape, the corpse
   is reanimated as a zombie friendly to the killer.
 v - a +8 demon trident of flaming (weapon)
Missiles
 q - 80 silver javelins (quivered)
Armour
 h - the +1 pair of gloves of Widah (worn) {*Drain rC+ rN+ Dex+3}
   (You bought it in a shop on level 2 of the Orcish Mines)

   It affects your dexterity (+3).
   It protects you from cold.
   It protects you from negative energy.
   It causes draining when unequipped.
 k - the +9 plate armour of Cegonk (worn) {rPois Will+ Int+3 SInv}
   (You found it on level 1 of the Snake Pit)

   It affects your intelligence (+3).
   It protects you from poison.
   It affects your willpower, your defense against some magical effects.
   It lets you see invisible.
 l - a +3 tower shield (worn)
 o - the +1 faerie dragon scales {rCorr Str+4}
   (You took it off the Enchantress on level 5 of the Depths)

   It affects your strength (+4).
   It provides partial protection from all sources of acid and corrosion.
 B - a +2 cloak of willpower (worn)
 M - a +2 pair of boots of rampaging (worn)
Jewellery
 j - the ring "Mekhodgh" (left hand) {Wiz rF+ rC+ Str+6}
   (You bought it in a shop on level 2 of the Orcish Mines)

   [ring of wizardry]

   It improves your spell success rate.
   It affects your strength (+6).
   It protects you from fire.
   It protects you from cold.
 n - an amulet of faith
 t - a ring of resist corrosion
 w - the ring "Xelug" (right hand) {Fire *Drain rElec rPois Int+4}
   (You found it on level 3 of the Vaults)

   [ring of fire]

   It enhances your fire magic.
   It affects your intelligence (+4).
   It protects you from fire.
   It makes you vulnerable to cold.
   It insulates you from electricity.
   It protects you from poison.
   It causes draining when unequipped.
 y - the amulet of Vitality (around neck) {Regen+ HP+15}
   (You bought it in a shop on level 2 of the Orcish Mines)

   [amulet of regeneration]

   It affects your health (+15).
   It increases your rate of regeneration.
 T - the brooch of Shielding {Spirit SH+8}
   (You took it off a deep elf death mage on level 3 of the Elven Halls)

   [amulet of guardian spirit]

   It causes incoming damage to be split between your health and magic.
   It affects your SH (+8).
Wands
 e - a wand of digging (32)
 r - a wand of random effects (106)
 u - a wand of acid (50)
 C - a wand of polymorph (23)
 E - a wand of mindburst (69)
 F - a wand of charming (36)
 H - a wand of flame (172)
 X - a wand of paralysis (26)
 Y - a wand of iceblast (32)
Scrolls
 b - 6 scrolls of silence
 c - 18 scrolls of teleportation
 f - a scroll of summoning
 i - 11 scrolls of blinking
 s - 11 scrolls of amnesia
 A - 9 scrolls of immolation
 D - 22 scrolls of identify
 P - 8 scrolls of fog
 U - 13 scrolls of fear
Potions
 a - 7 potions of flight
 d - 8 potions of ambrosia
 g - 6 potions of magic
 m - 2 potions of invisibility
 x - 27 potions of curing
 z - 3 potions of cancellation
 G - 9 potions of might
 K - 2 potions of resistance
 N - 5 potions of haste
 Q - 7 potions of berserk rage
 V - 6 potions of brilliance


   Skills:
 - Level 16.7 Fighting
 - Level 14.0 Polearms
 + Level 18.7 Armour
 + Level 17.2 Dodging
 - Level 25.0 Shields
 - Level 12.8 Spellcasting
 - Level 3.2 Translocations
 - Level 21.9 Invocations


You had 49 spell levels left.
You knew the following spells:

 Your Spells              Type           Power      Damage    Failure   Level
a - Blink                 Tloc           N/A        N/A       4%          2

Your spell library contained the following spells:

 Spells                   Type           Power      Damage    Failure   Level
 Apportation              Tloc           32%        N/A       2%          1
 Gell's Gravitas          Tloc           8%         N/A       9%          3
 Lesser Beckoning         Tloc           8%         N/A       9%          3
 Teleport Other           Tloc           16%        N/A       9%          3
 Animate Skeleton         Necr           16%        N/A       10%         1
 Corona                   Hex            8%         N/A       10%         1
 Foxfire                  Conj/Fire      48%        2x1d6     10%         1
 Freeze                   Ice            32%        1d5       10%         1
 Magic Dart               Conj           32%        1d4       10%         1
 Pain                     Necr           32%        1d5       10%         1
 Sandblast                Erth           16%        2d6       10%         1
 Summon Small Mammal      Summ           32%        N/A       10%         1
 Call Imp                 Summ           8%         N/A       16%         2
 Corpse Rot               Necr/Air       N/A        N/A       16%         2
 Ensorcelled Hibernation  Hex/Ice        16%        N/A       16%         2
 Passwall                 Tmut/Erth      6%         N/A       16%         2
 Poisonous Vapours        Pois/Air       16%        N/A       16%         2
 Slow                     Hex            8%         N/A       16%         2
 Sublimation of Blood     Necr           4%         N/A       16%         2
 Swiftness                Air            8%         N/A       16%         2
 Wereblood                Tmut           8%         N/A       16%         2
 Manifold Assault         Tloc           16%        N/A       26%         4
 Passage of Golubria      Tloc           N/A        N/A       26%         4
 Call Canine Familiar     Summ           8%         N/A       30%         3
 Confusing Touch          Hex            8%         N/A       30%         3
 Conjure Flame            Conj/Fire      12%        6-21      30%         3
 Dazzling Flash           Conj/Hex       16%        N/A       30%         3
 Frozen Ramparts          Ice            16%        1d3       30%         3
 Ignite Poison            Fire/Tmut/Pois 12%        N/A       30%         3
 Inner Flame              Hex/Fire       12%        N/A       30%         3
 Mephitic Cloud           Conj/Pois/Air  8%         N/A       30%         3
 Ozocubu's Armour         Ice            8%         N/A       30%         3
 Static Discharge         Conj/Air       8%         N/A       30%         3
 Stone Arrow              Conj/Erth      16%        3d8       30%         3
 Summon Guardian Golem    Hex/Summ       8%         N/A       30%         3
 Tukima's Dance           Hex            8%         N/A       30%         3
 Vampiric Draining        Necr           4%         2d6       30%         3
 Cause Fear               Hex            4%         N/A       67%         4
 Dispel Undead            Necr           8%         3d8       67%         4
 Hailstorm                Conj/Ice       8%         3d4       67%         4
 Petrify                  Tmut/Erth      8%         N/A       67%         4
 Sticky Flame             Conj/Fire      12%        2d4       67%         4
 Summon Ice Beast         Ice/Summ       8%         N/A       67%         4
 Summon Lightning Spire   Summ/Air       8%         N/A       67%         4
 Agony                    Necr           8%         N/A       95%         5
 Alistair's Intoxication  Tmut/Pois      5%         N/A       95%         5
 Excruciating Wounds      Necr           4%         N/A       95%         5
 Fireball                 Conj/Fire      6%         3d5       95%         5
 Irradiate                Conj/Tmut      4%         3d15      95%         5
 Iskenderun's Battlesphe  Conj           8%         2d6       95%         5
 Lee's Rapid Deconstruct  Erth           4%         3d6*      95%         5
 Lightning Bolt           Conj/Air       4%         1d15      95%         5
 Silence                  Hex/Air        4%         N/A       95%         5
 Yara's Violent Unravell  Hex/Tmut       4%         3d4       95%         5
 Freezing Cloud           Conj/Ice/Air   4%         6-21      100%        6
 Hydra Form               Tmut           4%         N/A       100%        6
 Invisibility             Hex            8%         N/A       100%        6
 Iron Shot                Conj/Erth      4%         9d2       100%        6
 Simulacrum               Ice/Necr       4%         N/A       100%        6
 Statue Form              Tmut/Erth      5%         N/A       100%        6
 Dragon Form              Tmut           4%         N/A       100%        7
 Borgnjor's Revivificati  Necr           4%         N/A       100%        8
 Discord                  Hex            4%         N/A       100%        8
 Ignition                 Fire           6%         3d4       100%        8
 Infestation              Necr           4%         N/A       100%        8
 Necromutation            Tmut/Necr      4%         N/A       100%        8
 Death's Door             Necr           4%         N/A       100%        9
 Shatter                  Erth           4%         3d7*      100%        9
 Tornado                  Air            4%         N/A       100%        9


Dungeon Overview and Level Annotations

Branches:
Dungeon (15/15)            Temple (1/1) D:4            Lair (6/6) D:8
 Shoals (4/4) Lair:2        Snake (4/4) Lair:4        Slime (0/5) Lair:5
    Orc (2/2) D:12            Elf (3/3) Orc:2        Vaults (5/5) D:14
  Crypt (0/3) Vaults:3     Depths (5/5) D:15            Zot (5/5) Depths:5
  IceCv (visited)

Altars:
Ashenzari
Gozag
Hepliaklqana
Kikubaaqudgha
Nemelex Xobeh
Okawaru
Qazlal
Ru
Sif Muna
Trog
Uskayaw
Vehumet
Wu Jian
Xom
Yredelemnul
The Shining One
Beogh

Shops:
D:8 (   D:9 (:([=   D:12 !   D:13 *   Orc:2 (=([[*(*[   Elf:1 [   Shoals:2 (
Snake:2 *   Snake:4 (   Vaults:3 ?   Depths:1 !   Depths:4 **

Portals:
Hell: Depths:1 Depths:2 Depths:3 Depths:4 Depths:5
Abyss: Depths:1 Depths:2 Depths:4 Depths:5
Pandemonium: Depths:1 Depths:3 Depths:4
Ziggurat: Depths:1


Innate Abilities, Weirdness & Mutations

You have a pair of large horns on your head.
You are surrounded by a strong repulsion field. (EV +4, RMsl)
A powerful demonic guardian rushes to your aid.
You resist negative energy. (rN+)
You regenerate a lot of health from kills.
You are somewhat able to resist unholy torments (1 in 2 success).
Your melee attacks may debilitate your foes.
Scrolls take you a little longer to read.
Your flesh is heat resistant. (rF+)
You are very frail. (-20% HP)
You are almost entirely resistant to further mutation and mutation removal.
Your system is resistant to poisons. (rPois)
Your spells are a little easier to cast, but a little less powerful.


Message History

* * * LOW HITPOINT WARNING * * *
A demonic guardian appears!
You block the moth of wrath's attack.
The Orb Guardian hits you but does no damage. x2
The black draconian annihilator casts a spell.
The black draconian annihilator blinks!
As you read the scroll of teleportation, it crumbles to dust.
You feel strangely unstable.
You feel the Orb delaying your translocation!
The Orb Guardian is no longer berserk.
You block the Orb Guardian's attack. x2
The moth of wrath closely misses you.
The Orb Guardian is engulfed in blazing flames.
You block the Orb Guardian's attack. x2
Your Brimstone Fiend barely misses the Orb Guardian.
Your Brimstone Fiend hits the Orb Guardian.
Your Brimstone Fiend hits the Orb Guardian!
You feel much better.
The Orb Guardian is engulfed in blazing flames.
You block the Orb Guardian's attack. The Orb Guardian hits you.
* * * LOW HITPOINT WARNING * * *
You feel more protected from physical attacks.
You block the moth of wrath's attack.
The Orb Guardian is engulfed in blazing flames.
You block the Orb Guardian's attack. The Orb Guardian closely misses you.
The Orb Guardian completely misses you.
Your Brimstone Fiend hits the Orb Guardian! x2
Your Brimstone Fiend hits the Orb Guardian but does no damage.
The Orb Guardian is engulfed in blazing flames.
The Orb Guardian closely misses you.
The black draconian annihilator is engulfed in blazing flames.
The black draconian annihilator casts a spell at you.
The poison arrow hits you but does no damage.
You are poisoned.
You feel sick.
The Orb Guardian hits your Brimstone Fiend!!!
The Orb Guardian hits your Brimstone Fiend!!
The Orb Guardian is engulfed in blazing flames.
You block the Orb Guardian's attack.
The Orb Guardian is engulfed in freezing vapours.
The Orb Guardian hits you!!!
You die...

#..... ............^.#
#..... ...............#
##.... ..........^....#
#.... ....X......^...#
##XL.. ...............#
#..... ...............#
##.....
......§..q.....###......
.......@XXX1..###[..####
......L○X.X○X##..§.##
.......☼..XyqX.Xy###
....##▓▓▓▓▓▓▓▓▓▓▓# ...
.. .


You could see a tentacled monstrosity, a white draconian monk (berserk), an
ancient lich, 8 Orb Guardians, a black draconian annihilator, a moth of wrath
and a friendly Brimstone Fiend (summoned).

Vanquished Creatures
  5 ancient liches
  5 dread liches
  5 orbs of fire
  Mennas (Depths:5)
  Mara (Elf:2)
  A juggernaut (Depths:3)
  Sojobo (Vaults:2)
  Bai Suzhen (Shoals:3)
  Vashnia (Snake:3)
  Margery (Vaults:2)
  2 caustic shrikes (Depths:3)
  A curse toe (Zot:1)
  4 golden dragons
  The ghost of Starbright the Slayer, a veteran DsFi of Ashenzari (Depths:4)
  the Enchantress (Depths:5)
  Nikola (Vaults:3)
  A bone dragon (Depths:3)
  4 electric golems
  Jorgrun (D:13)
  9 tentacled monstrosities
  6 liches
  Asterion (Vaults:4)
  8 Orb Guardians (Zot:5)
  A deep elf blademaster (Elf:3)
  4 quicksilver dragons
  A deep elf master archer (Elf:3)
  7 titans (Vaults:5)
  3 tentacled starspawn (Abyss:3)
  2 sphinxes
  Frances (D:13)
  6 death cobs
  16 storm dragons
  12 tengu reavers
  Donald (Shoals:1)
  14 shadow dragons
  Ilsuiw (Shoals:3)
  3 draconian monks
  7 nagarajas
  7 fire giants
  3 ghost moths
  A draconian knight (Depths:5)
  14 deep elf sorcerers
  11 vault wardens
  9 frost giants
  3 draconian scorchers
  2 cacodemons
  5 iron dragons
  An orc warlord (Orc:2)
  Louise (Shoals:1)
  4 deep elf elementalists (Elf:3)
  Aizul (Snake:2)
  A juggernaut zombie (Depths:3)
  3 draconian annihilators
  A caustic shrike zombie (Depths:3)
  5 spriggan defenders
  A quicksilver ooze (shapeshifter) (Depths:5)
  5 draconian shifters
  23 stone giants
  28 very ugly things
  A draconian stormcaller (Zot:2)
  13 ironbound preservers
  5 green draconians
  4 vampire knights
  A war gargoyle (Vaults:5)
  An entropy weaver (Vaults:5)
  A black draconian (Zot:4)
  6 purple draconians
  9 deep elf annihilators
  4 yellow draconians
  13 deep elf demonologists
  8 white draconians
  10 red draconians
  5 spark wasps
  Azrael (D:13)
  2 crystal guardians
  A green death (Depths:4)
  17 ettins
  13 deep elf death magi
  4 merfolk javelineers
  The ghost of Fiha the Thaumaturge, a journeyman VSTm of Dithmenos (Lair:4)
  6 deep elf high priests
  11 fire dragons
  A merfolk impaler (Shoals:3)
  11 yaktaur captains
  10 great orbs of eyes
  9 rakshasas
  8 hydras
  11 boulder beetles
  2 monstrous demonspawn
  6 naga warriors
  18 ice dragons
  31 vault guards
  A hell beast (Depths:3)
  6 centaur warriors
  4 merfolk avatars (Shoals:4)
  3 catoblepae
  5 ogre magi
  3 merfolk aquamancers
  9 spriggan air magi
  5 anacondas
  2 alligator snapping turtles (Shoals:4)
  12 two-headed ogres
  4 death knights
  The ghost of foci the Cleaver, a journeyman GrFi of the Shining One (D:11)
  4 deep troll shamans (Depths:3)
  3 satyrs (Shoals:4)
  3 orc high priests
  8 tengu warriors
  29 naga sharpshooters
  8 spriggan berserkers
  22 dancing weapons
  14 death yaks
  2 thrashing horrors (Abyss:3)
  3 deep troll earth magi
  13 hell knights
  2 wretched stars (Abyss:3)
  24 deep elf knights
  2 soul eaters
  5 shock serpents
  A sun demon (Abyss:3)
  A storm dragon zombie (Depths:3)
  3 salamander mystics
  2 iron trolls (Depths:3)
  A fire crab (shapeshifter) (Elf:2)
  6 skeletal warriors
  An infernal demonspawn (Depths:3)
  2 shadow wraiths
  A sixfirhy (Abyss:3)
  13 deep trolls
  7 glowing orange brains
  A glowing orange brain (shapeshifter) (Vaults:5)
  4 sea snakes
  A torturous demonspawn (Depths:4)
  6 flayed ghosts
  3 unseen horrors
  3 tengu zombies (Depths:3)
  19 deep elf archers
  2 golden dragon skeletons (Depths:3)
  7 naga ritualists
  A shadow dragon zombie (Depths:3)
  A swamp dragon (shapeshifter) (Vaults:5)
  An obsidian statue (Depths:4)
  8 ironbound convokers
  16 orc knights
  9 necromancers
  2 gelid demonspawn (Depths:3)
  39 deep elf zephyrmancers
  36 deep elf pyromancers
  8 wizards
  A mana viper (shapeshifter) (Depths:4)
  19 harpies
  A phantasmal warrior (Vaults:5)
  A fire giant zombie (Depths:1)
  8 orc sorcerers
  3 wolf spiders
  A shadow dragon skeleton (Depths:3)
  An iron dragon zombie (Depths:3)
  A tengu skeleton (Depths:3)
  5 mana vipers
  An oklob plant (Lair:3)
  9 manticores
  52 ugly things
  11 fauns
  A worldbinder (Abyss:3)
  19 moths of wrath
  A spectral centaur (D:11)
  An elephant (shapeshifter) (Elf:3)
  8 salamanders
  6 cyclopes
  9 elephants
  A sphinx skeleton (Depths:3)
  A frost giant skeleton (Depths:1)
  9 merfolk sirens
  3 rust devils
  33 black mambas
  An apocalypse crab (Abyss:3)
  16 vault sentinels
  A black mamba (shapeshifter) (D:12)
  5 guardian serpents
  5 centaur zombies
  5 water nymphs
  15 cane toads
  29 naga magi
  A gargoyle (D:15)
  2 orange demons
  An ice statue (IceCv)
  7 rime drakes
  33 yaktaurs
  10 komodo dragons
  4 centaur skeletons
  A komodo dragon (shapeshifter) (Vaults:4)
  4 kobold demonologists
  A hellion (Abyss:3)
  An ancient zyme (Abyss:3)
  2 cane toads (shapeshifter)
  9 freezing wraiths
  8 tengu conjurers
  A guardian mummy (Vaults:1)
  A red devil (Depths:1)
  17 merfolk
  The ghost of davenfal the Chopper, an amateur HOMo of Beogh (D:4)
  A queen bee (Lair:1)
  The ghost of siradein the Magician, a novice DESu of Gozag (D:5)
  6 large abominations
  2 ice devils
  8 trolls
  4 wind drakes
  6 hornets
  A polar bear (shapeshifter) (Vaults:1)
  A meliai (shapeshifter) (Vaults:3)
  12 dream sheep
  A wind drake (shapeshifter) (Zot:1)
  17 slime creatures
  16 polar bears
  10 blink frogs
  A frost giant simulacrum (Depths:1)
  6 snapping turtles
  An air elemental (Elf:2)
  3 flying skulls (Abyss:3)
  4 redbacks
  2 vampires
  A ynoxinul (Abyss:3)
  5 elf skeletons (Depths:3)
  2 centaur simulacra
  2 redbacks (shapeshifter)
  6 spriggans
  13 water elementals
  96 yaks
  A spriggan (shapeshifter) (Vaults:3)
  21 wyverns
  3 fire elementals
  A fire bat (shapeshifter) (Depths:2)
  A deep troll skeleton (Depths:1)
  8 basilisks
  A yak (shapeshifter) (Vaults:1)
  A human (shapeshifter) (Vaults:5)
  5 golden eyes (Abyss:3)
  4 wraiths
  A neqoxec (Abyss:3)
  A chaos spawn (Abyss:3)
  A warg (shapeshifter) (Vaults:2)
  8 vampire mosquitoes
  40 nagas
  5 wargs
  2 acid dragons
  25 water moccasins
  A floating eye (Depths:2)
  3 hell hounds
  2 floating eyes (shapeshifter)
  45 orc warriors
  4 sky beasts
  A hornet zombie (D:14)
  2 black bears (shapeshifter)
  5 ice beasts
  2 black bears
  2 necrophages
  A swamp dragon zombie (Abyss:3)
  4 boggarts (Vaults:1)
  27 centaurs
  50 wolves
  28 ogres
  4 kobold brigands
  4 phantoms
  7 elf zombies
  2 earth elementals
  29 bullfrogs
  A wyvern zombie (D:10)
  A water moccasin zombie (D:8)
  2 wyvern skeletons
  4 scorpions
  3 small abominations (Abyss:3)
  24 killer bees
  5 wights (D:13)
  A spectral bullfrog (D:11)
  4 crimson imps
  7 howler monkeys
  5 bullfrog zombies
  6 hounds
  6 quasits
  A wyvern simulacrum (D:11)
  16 orc priests
  4 jellies
  3 bullfrog skeletons
  3 iron imps
  20 orc wizards
  Terence (D:3)
  Ijyb (D:2)
  2 iguanas
  7 hell rats (Lair:4)
  10 worker ants
  A hound zombie (D:8)
  A hound skeleton (D:4)
  A worker ant zombie (D:8)
  8 gnolls
  A howler monkey skeleton (D:9)
  6 adders
  5 shadow imps
  3 white imps
  8 ufetubi
  An ooze (D:1)
  An adder skeleton (D:6)
  2 worms
  8 leopard geckos
  93 orcs
  9 bats
  5 giant cockroaches
  4 goblins
  4 hobgoblins
  12 jackals
  3 quokkas (D:4)
  2 ball pythons
  5 frilled lizards
  A jackal skeleton (D:8)
  A jackal zombie (D:5)
  20 kobolds
  A leopard gecko zombie (D:7)
  5 rats
  16 butterflies (Vaults:4)
  A starspawn tentacle (Abyss:3)
2248 creatures vanquished.

Vanquished Creatures (collateral kills)
  A tentacled monstrosity (Depths:5)
  Polyphemus (Shoals:3)
  A tengu reaver (Vaults:4)
  A fire giant (Depths:2)
  2 deep elf sorcerers (Elf:3)
  A fire dragon (Depths:5)
  A hydra (Lair:5)
  3 merfolk aquamancers (Shoals:4)
  3 deep troll earth magi
  A flayed ghost (Depths:5)
  4 deep trolls
  A slime creature (D:15)
  A sea snake (Shoals:1)
  An unseen horror (D:10)
  A deep elf archer (Elf:3)
  2 deep elf pyromancers
  An orc knight (D:13)
  An orc sorcerer (Orc:2)
  3 manticores
  3 ugly things
  A faun (Shoals:4)
  A black mamba (Lair:6)
  2 merfolk sirens (Shoals:4)
  A cane toad (Lair:3)
  A water nymph (Shoals:4)
  A cane toad (shapeshifter) (D:15)
  2 komodo dragons
  A hornet (Lair:6)
  14 merfolk
  A polar bear (IceCv)
  2 blink frogs (Lair:1)
  2 snapping turtles (Shoals:1)
  A hog (shapeshifter) (D:15)
  2 wyverns (Lair:6)
  2 water elementals
  A yak (D:9)
  A vampire mosquito (D:14)
  A warg (Orc:1)
  2 orc warriors (Orc:2)
  An ice beast (D:15)
  4 wolves
  2 killer bees (D:10)
  A hound (D:10)
  An adder (D:8)
  2 orcs
  2 kobolds (D:9)
85 creatures vanquished.

Vanquished Creatures (others)
  A quicksilver dragon (Zot:2)
  A storm dragon (Depths:3)
  A vampire knight (Depths:4)
  A red draconian (Zot:2)
  A black draconian (Zot:2)
  An ettin (Depths:5)
  A naga warrior (Snake:3)
  3 deep elf knights (Elf:2)
  2 ironbound convokers
  A necromancer (Depths:4)
  A deep elf pyromancer (Elf:2)
  A moth of wrath (Zot:2)
  A water nymph (Shoals:4)
  An efreet (D:14)
  A snapping turtle (Shoals:4)
  A water elemental (Elf:2)
  A warg (Vaults:3)
  A naga (Snake:3)
  An ogre (Vaults:4)
  2 orc wizards
  2 orcs (Orc:2)
  39 fungi
  2 lurking horrors (Abyss:3)
  208 plants
  3 starspawn tentacles (Abyss:3)
278 creatures vanquished.

Grand Total: 2611 creatures vanquished

Notes
Turn   | Place    | Note
-------+----------+-------------------------------------------
     0 | D:1      | siradein the Demonspawn Fighter began the quest for the
                  | Orb.
     0 | D:1      | Reached XP level 1. HP: 18/18 MP: 1/1
   363 | D:1      | Reached skill level 3 in Shields
   363 | D:1      | Gained mutation: You regenerate a little health from kills.
                  | [demonic ancestry]
   363 | D:1      | Reached XP level 2. HP: 24/24 MP: 2/2
  1132 | D:2      | Found a faded altar of an unknown god.
  1155 | D:1      | Reached XP level 3. HP: 29/29 MP: 3/3
  1826 | D:2      | Gained mutation: You have a pair of small horns on your
                  | head. [demonic ancestry]
  1826 | D:2      | Reached XP level 4. HP: 35/35 MP: 4/4
  2177 | D:3      | Found an ornate altar of the Wu Jian Council.
  2296 | D:3      | Noticed an ice beast
  2597 | D:4      | Reached XP level 5. HP: 27/41 MP: 5/5
  3403 | D:3      | Noticed Terence
  3411 | D:3      | Killed Terence
  3412 | D:3      | Reached skill level 5 in Polearms
  3572 | D:3      | Noticed an ogre
  3654 | D:3      | Killed an ogre
  3655 | D:3      | Reached XP level 6. HP: 19/47 MP: 6/6
  3864 | D:3      | Noticed Ijyb
  3984 | D:4      | Found a runed translucent gate.
  3985 | D:4      | Found a runed translucent gate.
  3986 | D:4      | Found a runed translucent gate.
  3987 | D:4      | Noticed davenfal's ghost (amateur HOMo)
  4107 | D:4      | Found a staircase to the Ecumenical Temple.
  4113 | Temple   | Entered the Ecumenical Temple
  4122 | Temple   | Became a worshipper of Qazlal Stormbringer
  4955 | D:2      | Killed Ijyb
  5204 | D:3      | Found a shimmering blue altar of Sif Muna.
  5209 | D:3      | Found a sacrificial altar of Ru.
  5219 | D:3      | Found an iron altar of Okawaru.
  5222 | D:3      | Found an opulent altar of Gozag.
  5378 | D:5      | Entered Level 5 of the Dungeon
  5514 | D:5      | Gained mutation: A weak demonic guardian rushes to your
                  | aid. [demonic ancestry]
  5514 | D:5      | Reached XP level 7. HP: 51/52 MP: 7/7
  5623 | D:5      | Found a runed translucent door.
  5708 | D:5      | Noticed siradein's ghost (novice DESu)
  7572 | D:7      | Reached XP level 8. HP: 49/58 MP: 8/8
  7575 | D:7      | Reached * piety under Qazlal
  8333 | D:7      | Reached skill level 10 in Polearms
  8365 | D:7      | Upgraded the game from 0.27-a0-597-g524d869a0f to
                  | 0.27-a0-604-g29a88b33a7
  9140 | D:7      | HP: 2/58 [killer bee (8)]
  9178 | D:7      | HP: 2/58 [poisoned by a killer bee]
  9623 | D:8      | Found Imot's Weapon Emporium.
 10127 | D:4      | Killed davenfal's ghost
 10128 | D:4      | Reached XP level 9. HP: 25/63 MP: 9/9
 10258 | D:5      | Killed siradein's ghost
 10455 | D:8      | Noticed a two-headed ogre
 11014 | D:8      | Reached ** piety under Qazlal
 11157 | D:8      | Found a staircase to the Lair.
 11160 | D:8      | Found a hide-covered altar of Uskayaw.
 11424 | D:7      | Killed a two-headed ogre
 11494 | D:9      | Noticed a troll
 11538 | D:9      | Killed a troll
 11603 | D:9      | Gained mutation: A demonic guardian rushes to your aid.
                  | [demonic ancestry]
 11603 | D:9      | Reached XP level 10. HP: 70/70 MP: 10/10
 11800 | D:9      | Found Fedig's Weapon Shop.
 11834 | D:9      | Reached *** piety under Qazlal
 11854 | D:9      | Found Arodghum's Book Shoppe.
 11858 | D:9      | Found Heos's Weapon Emporium.
 11874 | D:9      | Found Ecvuklos's Armour Emporium.
 11900 | D:9      | Found a basalt altar of Yredelemnul.
 11947 | D:9      | Found Xorion's Jewellery Shoppe.
 11978 | D:9      | Bought a +4 scale mail of fire resistance for 496 gold
                  | pieces
 12184 | D:10     | Entered Level 10 of the Dungeon
 12269 | D:9      | Reached skill level 4 in Shields
 12511 | D:10     | Killed an unseen horror
 12618 | D:10     | Reached skill level 5 in Shields
 13257 | D:11     | Found a broken altar of Ashenzari.
 13459 | D:11     | Reached skill level 6 in Shields
 13479 | D:11     | Reached **** piety under Qazlal
 13563 | D:11     | Found a runed translucent gate.
 13563 | D:11     | Found a runed translucent gate.
 13564 | D:11     | Found a runed translucent gate.
 13564 | D:11     | Noticed a spectral centaur warrior
 13567 | D:11     | Noticed foci's ghost (journeyman GrFi)
 13719 | D:11     | Reached XP level 11. HP: 61/75 MP: 11/11
 14107 | Lair:1   | Entered Level 1 of the Lair of Beasts
 14133 | Lair:1   | Reached skill level 7 in Shields
 14295 | Lair:1   | Reached skill level 8 in Shields
 14700 | Lair:1   | Reached skill level 9 in Shields
 14889 | Lair:1   | Found a sparkling altar of Nemelex Xobeh.
 15154 | Lair:1   | Identified the +3 hand axe of Ash {vorpal, rF- Str+3 SInv}
 15181 | Lair:1   | Reached skill level 10 in Shields
 16372 | Lair:2   | Found a staircase to the Shoals.
 16740 | Lair:2   | Reached skill level 11 in Shields
 16841 | Lair:2   | Identified the +1 robe of the Wild Haggis {Int+3}
 17200 | Lair:3   | Noticed a six-headed hydra
 17208 | Lair:2   | Gained mutation: You have a pair of horns on your head.
                  | [demonic ancestry]
 17208 | Lair:2   | Reached XP level 12. HP: 81/81 MP: 12/12
 17376 | Lair:2   | Killed a six-headed hydra
 17476 | Lair:3   | Noticed a four-headed hydra
 17554 | Lair:2   | Killed a four-headed hydra
 17554 | Lair:2   | Reached ***** piety under Qazlal
 17738 | Lair:3   | Reached skill level 12 in Shields
 17795 | Lair:3   | Noticed a seven-headed hydra
 17856 | Lair:3   | Killed a seven-headed hydra
 17905 | Lair:3   | Noticed a six-headed hydra
 17926 | Lair:3   | Killed a six-headed hydra
 18015 | Lair:3   | Reached skill level 13 in Shields
 18301 | Lair:3   | Reached skill level 1 in Invocations
 18666 | Lair:3   | Noticed a five-headed hydra
 18704 | Lair:3   | Killed a five-headed hydra
 18705 | Lair:3   | Reached skill level 1 in Dodging
 18956 | Lair:4   | Noticed a boulder beetle
 19215 | Lair:4   | Killed a boulder beetle
 19303 | Lair:4   | Gained mutation: You regenerate health from kills. [demonic
                  | ancestry]
 19303 | Lair:4   | Reached XP level 13. HP: 86/86 MP: 15/15
 19675 | Lair:4   | Reached skill level 5 in Invocations
 19899 | Lair:4   | Found a large runed translucent door.
 19899 | Lair:4   | Found a large runed translucent door.
 19900 | Lair:4   | Noticed Fiha's ghost (journeyman VSTm)
 19928 | Lair:4   | Killed Fiha's ghost
 19978 | Lair:4   | Found a staircase to the Snake Pit.
 20744 | Lair:5   | Reached skill level 14 in Shields
 20774 | Lair:5   | Reached skill level 5 in Armour
 20785 | Lair:5   | Reached ****** piety under Qazlal
 20786 | Lair:5   | Reached skill level 5 in Fighting
 21460 | Lair:5   | Found a staircase to the Slime Pits.
 21471 | Lair:5   | You fall into a shaft and drop 1 floor!
 21471 | Lair:6   | Entered Level 6 of the Lair of Beasts
 21509 | Lair:6   | Gained mutation: A powerful demonic guardian rushes to your
                  | aid. [demonic ancestry]
 21509 | Lair:6   | Reached XP level 14. HP: 75/99 MP: 19/19
 21511 | Lair:6   | Reached skill level 5 in Dodging
 22344 | Lair:6   | Paralysed by a hornet for 3 turns
 23757 | D:12     | You fall into a shaft and drop 3 floors!
 23757 | D:15     | Entered Level 15 of the Dungeon
 24912 | D:15     | Found a staircase to the Depths.
 25232 | D:14     | Gained mutation: You are surrounded by a mild repulsion
                  | field. (EV +2) [demonic ancestry]
 25232 | D:14     | Reached XP level 15. HP: 110/110 MP: 22/22
 25275 | D:14     | Found a radiant altar of Vehumet.
 25410 | D:14     | Reached skill level 10 in Invocations
 25669 | D:14     | Reached skill level 15 in Shields
 25695 | D:14     | Found a gate to the Vaults.
 26081 | D:13     | Found a frozen archway.
 26090 | IceCv    | Entered an ice cave
 27437 | D:13     | Noticed Jorgrun
 27471 | D:13     | Killed Jorgrun
 27794 | D:13     | Noticed Azrael
 27823 | D:13     | Killed Azrael
 27972 | D:13     | Found Ackaptell's Assorted Antiques.
 27981 | D:13     | Bought a glowing hat for 189 gold pieces
 28057 | D:13     | Noticed Frances
 28093 | D:13     | Killed Frances
 28602 | D:12     | Found a staircase to the Orcish Mines.
 28688 | D:12     | Found Keepaujy's Distillery.
 28692 | D:12     | Bought a potion of curing for 36 gold pieces
 28692 | D:12     | Bought a potion of heal wounds for 60 gold pieces
 28692 | D:12     | Bought a potion of curing for 36 gold pieces
 28692 | D:12     | Bought a potion of heal wounds for 60 gold pieces
 28692 | D:12     | Bought 2 potions of heal wounds for 120 gold pieces
 29104 | D:12     | Reached XP level 16. HP: 121/121 MP: 25/25
 29325 | Orc:1    | Entered Level 1 of the Orcish Mines
 29597 | Orc:2    | Entered Level 2 of the Orcish Mines
 29597 | Orc:2    | Found Ydum's Antique Armour Shoppe.
 29696 | Orc:2    | Reached skill level 10 in Fighting
 29739 | Orc:2    | Found Vuotut's Assorted Antiques.
 29741 | Orc:2    | Found Ruhin's Weapon Shoppe.
 29791 | Orc:2    | Found a runed translucent door.
 30093 | Orc:1    | Found a bloodstained altar of Trog.
 30690 | Orc:2    | Found Baujuvy's General Store.
 30693 | Orc:2    | Paralysed by an orc sorcerer for 5 turns
 30787 | Orc:2    | Bought a potion of heal wounds for 60 gold pieces
 30847 | Orc:2    | Found Niteinli's Antique Weapon Emporium.
 30882 | Orc:2    | Found a staircase to the Elven Halls.
 30964 | Orc:2    | Found Ojai's Armour Emporium.
 30977 | Orc:2    | Bought a +4 chain mail of cold resistance for 441 gold
                  | pieces
 31041 | Orc:2    | Found Obliufe's Antique Weapon Shoppe.
 31081 | Orc:2    | Found Jippuen's Antique Armour Shoppe.
 31088 | Orc:2    | Bought a pair of bloodstained gloves for 266 gold pieces
 31088 | Orc:2    | Identified the +1 pair of gloves of Widah {*Drain rC+ rN+
                  | Dex+3} (You bought it in a shop on level 2 of the Orcish
                  | Mines)
 31102 | Orc:2    | Bought a pair of glowing boots for 210 gold pieces
 31120 | Orc:2    | Found Kififa's Jewellery Shoppe.
 31536 | Shoals:1 | Entered Level 1 of the Shoals
 31807 | Shoals:1 | Noticed Donald
 31846 | Shoals:1 | HP: 6/123 [Donald/+0 broad axe (39)]
 31847 | Shoals:1 | Noticed Louise
 31851 | Shoals:1 | Killed Donald
 31852 | Shoals:1 | Reached skill level 10 in Armour
 31931 | Shoals:1 | Killed Louise
 32417 | Shoals:2 | Found Juileink's Antique Weapon Shop.
 33087 | Shoals:3 | Identified a scroll of acquirement
 33089 | Shoals:3 | Acquired a manual of Armour
 33166 | Shoals:3 | Noticed Polyphemus
 33213 | Shoals:4 | Entered Level 4 of the Shoals
 33243 | Shoals:3 | Killed Polyphemus
 33244 | Shoals:3 | Reached skill level 10 in Dodging
 33342 | Shoals:3 | Noticed Bai Suzhen
 33478 | Shoals:3 | Killed Bai Suzhen
 33479 | Shoals:3 | Reached skill level 1 in Spellcasting
 33521 | Shoals:3 | Identified the +8 ring mail of Inaction {rC+++ rN+++ Will-
                  | Int-2}
 33522 | Shoals:3 | Noticed Ilsuiw
 33581 | Shoals:3 | Killed Ilsuiw
 34067 | Shoals:3 | Reached XP level 17. HP: 44/131 MP: 27/27
 34230 | Shoals:4 | Identified the +5 long sword "Quheryvi" {venom, rC+ Str+4
                  | Int+2 Dex+2}
 34503 | Shoals:4 | Identified the +4 spear "Veal" {vorpal, Dex+2}
 34793 | Shoals:4 | Got a barnacled rune of Zot
 35715 | D:11     | Killed foci's ghost
 35922 | Snake:1  | Entered Level 1 of the Snake Pit
 36486 | Snake:1  | Identified the +9 plate armour of Cegonk {rPois Will+ Int+3
                  | SInv}
 36770 | Orc:2    | Bought the ring "Mekhodgh" {Wiz rF+ rC+ Str+6} for 763 gold
                  | pieces
 37153 | Snake:2  | Noticed Aizul
 37169 | Snake:2  | Killed Aizul
 37367 | Snake:2  | Found Dyapu's Assorted Antiques.
 38441 | Snake:3  | Reached skill level 5 in Spellcasting
 38445 | Snake:3  | Noticed Vashnia
 38483 | Snake:3  | Killed Vashnia
 38484 | Snake:3  | Reached skill level 15 in Invocations
 38484 | Snake:3  | Reached XP level 18. HP: 138/140 MP: 29/29
 39310 | Snake:4  | Entered Level 4 of the Snake Pit
 39627 | Snake:4  | Reached skill level 16 in Shields
 39785 | Snake:4  | Found Amob's Weapon Emporium.
 39949 | Snake:4  | Got a serpentine rune of Zot
 40577 | Vaults:1 | Entered Level 1 of the Vaults
 40762 | Vaults:1 | Identified the Volume of the Gliding Glacier
 40770 | Vaults:1 | Identified the +8 chain mail "Yriromm" {rElec Int+4 Stlth+}
 41727 | Vaults:1 | Identified the +7 longbow of Hajyec {venom, rPois rN+ Will-
                  | Dex+7}
 41832 | Vaults:1 | Gained mutation: You are surrounded by a moderate repulsion
                  | field. (EV +3) [demonic ancestry]
 41832 | Vaults:1 | Reached XP level 19. HP: 148/148 MP: 31/31
 42167 | Vaults:1 | Found a portal to a secret trove of treasure.
 42819 | Vaults:2 | Found a flickering gateway to a bazaar.
 42839 | Bazaar   | Entered a bazaar
 42855 | Bazaar   | Found Cezxeonodwu's Assorted Antiques.
 42856 | Bazaar   | Found Jykoitt's Book Emporium.
 42901 | Bazaar   | Found Piranep's Antique Armour Shoppe.
 42902 | Bazaar   | Found Mueceiso's Antique Armour Shoppe.
 42996 | Bazaar   | Bought a translucent plate armour for 756 gold pieces
 42996 | Bazaar   | Identified the +1 plate armour of Pantheism {Dex+5} (You
                  | bought it in a shop in a bazaar)
 43607 | Vaults:2 | Noticed Margery
 43634 | Vaults:2 | Killed Margery
 44113 | Vaults:2 | Noticed Sojobo
 44138 | Vaults:2 | Killed Sojobo
 44250 | Vaults:3 | Found Asenavisk's Magic Scroll Shoppe.
 44274 | Vaults:3 | Bought a scroll of enchant weapon for 82 gold pieces
 44574 | Vaults:3 | Found a staircase to the Crypt.
 45100 | Vaults:3 | Identified the ring "Xelug" {Fire *Drain rElec rPois Int+4}
 45139 | Vaults:3 | Noticed Nikola
 45165 | Vaults:3 | Killed Nikola
 45190 | Vaults:3 | Found an ancient bone altar of Kikubaaqudgha.
 45291 | Vaults:3 | Gained mutation: You regenerate a lot of health from kills.
                  | [demonic ancestry]
 45291 | Vaults:3 | Reached XP level 20. HP: 158/158 MP: 32/32
 45478 | Vaults:3 | Reached skill level 15 in Armour
 46171 | Vaults:4 | Noticed Asterion
 46208 | Vaults:4 | Killed Asterion
 46237 | Vaults:4 | Gained mutation: Your spells are a little harder to cast,
                  | but a little more powerful. [potion of mutation]
 46237 | Vaults:4 | Gained mutation: You expend magic power (3 MP) to
                  | strengthen your wands. [potion of mutation]
 46237 | Vaults:4 | Gained mutation: You tend to lose your temper in combat.
                  | [potion of mutation]
 46237 | Vaults:4 | Gained mutation: You are surrounded by a strong repulsion
                  | field. (EV +4, RMsl) [potion of mutation]
 46379 | Vaults:4 | Reached skill level 17 in Shields
 46997 | Vaults:4 | Found a huge runed gate.
 46997 | Vaults:4 | Found a huge runed gate.
 46997 | Vaults:4 | Found a huge runed gate.
 46997 | Vaults:4 | Found a huge runed gate.
 46997 | Vaults:4 | Found a huge runed gate.
 46998 | Vaults:4 | Found a huge runed gate.
 46998 | Vaults:4 | Found a huge runed gate.
 46998 | Vaults:4 | Found a huge runed gate.
 46998 | Vaults:4 | Found a huge runed gate.
 47000 | Vaults:4 | Found a huge runed gate.
 47000 | Vaults:4 | Found a huge runed gate.
 47000 | Vaults:4 | Found a huge runed gate.
 47000 | Vaults:4 | Found a huge runed gate.
 47000 | Vaults:4 | Found a huge runed gate.
 47000 | Vaults:4 | Found a huge runed gate.
 47001 | Vaults:4 | Found a huge runed gate.
 47002 | Vaults:4 | Found a huge runed gate.
 47003 | Vaults:4 | Found a huge runed gate.
 47011 | Vaults:4 | Found a huge runed gate.
 47011 | Vaults:4 | Found a huge runed gate.
 47011 | Vaults:4 | Found a huge runed gate.
 47011 | Vaults:4 | Found a huge runed gate.
 47011 | Vaults:4 | Found a huge runed gate.
 47011 | Vaults:4 | Found a huge runed gate.
 47012 | Vaults:4 | Found a huge runed gate.
 47013 | Vaults:4 | Found a huge runed gate.
 47014 | Vaults:4 | Found a huge runed gate.
 47387 | Vaults:5 | Entered Level 5 of the Vaults
 47399 | Vaults:5 | Noticed an ancient lich
 47415 | Vaults:5 | Killed an ancient lich
 47454 | Vaults:4 | Gained mutation: You have a pair of large horns on your
                  | head. [demonic ancestry]
 47454 | Vaults:4 | Reached XP level 21. HP: 165/166 MP: 10/34
 47658 | Vaults:5 | Reached skill level 10 in Spellcasting
 47730 | Vaults:5 | Reached skill level 15 in Fighting
 47801 | Vaults:5 | Identified the ring of Midsummer {rF+ Will+}
 47875 | Vaults:5 | Gained mutation: You resist negative energy. (rN+) [demonic
                  | ancestry]
 47875 | Vaults:5 | Reached XP level 22. HP: 175/175 MP: 15/36
 47949 | Vaults:5 | Noticed a golden dragon
 47964 | Vaults:5 | Killed a golden dragon
 48486 | Orc:2    | Bought the amulet of Vitality {Regen+ HP+15} for 948 gold
                  | pieces
 48486 | Orc:2    | Found the amulet of Vitality {Regen+ HP+15}
 49102 | Vaults:5 | Identified the ring of Fashretz {*Slow rPois rC+ Str+2}
 49132 | Vaults:5 | Identified the +0 plate armour "Jukidecit" {rC+ Str+2}
 49134 | Vaults:5 | Got a silver rune of Zot
 49229 | Vaults:5 | Identified the +1 cloak of Spite {SInv}
 49394 | Vaults:5 | Identified the +4 quarterstaff of Tuess {vorpal, rC+ rN++
                  | Int+3 Dex-4}
 49798 | Elf:1    | Entered Level 1 of the Elven Halls
 50135 | Elf:1    | Lost mutation: You tend to lose your temper in combat.
                  | [potion of mutation]
 50135 | Elf:1    | Gained mutation: Your spells are harder to cast, but more
                  | powerful. [potion of mutation]
 50135 | Elf:1    | Gained mutation: Scrolls take you a little longer to read.
                  | [potion of mutation]
 50135 | Elf:1    | Gained mutation: Your spells are much harder to cast, but
                  | much more powerful. [potion of mutation]
 50135 | Elf:1    | Gained mutation: You are resistant to electric shocks.
                  | (rElec) [potion of mutation]
 50396 | Elf:1    | Reached skill level 18 in Shields
 50481 | Elf:1    | Identified the Papyrus of Black Arts
 50905 | Vaults:5 | Lost mutation: Scrolls take you a little longer to read.
                  | [potion of mutation]
 50905 | Vaults:5 | Lost mutation: You expend magic power (3 MP) to strengthen
                  | your wands. [potion of mutation]
 50905 | Vaults:5 | Gained mutation: Your magical capacity is low. (-10% MP)
                  | [potion of mutation]
 50905 | Vaults:5 | Lost mutation: Your spells are much harder to cast, but
                  | much more powerful. [potion of mutation]
 50905 | Vaults:5 | Gained mutation: You expend magic power (3 MP) to
                  | strengthen your wands. [potion of mutation]
 51296 | Elf:1    | Found Leovymp's Armour Emporium.
 52107 | Elf:2    | Found a runed translucent gate.
 52107 | Elf:2    | Found a runed translucent gate.
 52117 | Elf:2    | Found a runed translucent gate.
 52477 | Elf:2    | Upgraded the game from 0.27-a0-604-g29a88b33a7 to
                  | 0.27-a0-633-gc6addc0a40
 52536 | Elf:3    | Entered Level 3 of the Elven Halls
 52843 | Elf:3    | Found a shimmering blue altar of Sif Muna.
 52995 | Elf:3    | Noticed Mara
 53052 | Elf:3    | Noticed siradein's illusion
 53058 | Elf:2    | Noticed siradein's illusion
 53066 | Elf:2    | Noticed siradein's illusion
 53095 | Elf:2    | Killed Mara
 53096 | Elf:2    | Reached XP level 23. HP: 183/183 MP: 29/34
 53509 | Elf:3    | Reached skill level 15 in Dodging
 53648 | Elf:3    | Identified the +3 chain mail of Going Fast {Int+4}
 53673 | Elf:3    | Identified the +1 hand crossbow of the Hidden Vale {flame,
                  | Dex+2}
 53696 | Elf:3    | Identified Wuunnoj's Compendium of Evil Changing
 54007 | Depths:1 | Entered Level 1 of the Depths
 54205 | Depths:1 | Found a gateway to a ziggurat.
 54318 | Depths:1 | Found a one-way gate leading to the halls of Pandemonium.
 54377 | Depths:1 | Found Tymnur's Distillery.
 54385 | Depths:1 | Bought a potion of mutation for 80 gold pieces
 54385 | Depths:1 | Lost mutation: You expend magic power (3 MP) to strengthen
                  | your wands. [potion of mutation]
 54385 | Depths:1 | Gained mutation: Scrolls take you a little longer to read.
                  | [potion of mutation]
 54385 | Depths:1 | Gained mutation: Your system is resistant to poisons.
                  | (rPois) [potion of mutation]
 54475 | Depths:1 | Lost mutation: Your spells are harder to cast, but more
                  | powerful. [potion of mutation]
 54475 | Depths:1 | Lost mutation: You are surrounded by a strong repulsion
                  | field. (EV +4, RMsl) [potion of mutation]
 54475 | Depths:1 | Lost mutation: Your magical capacity is low. (-10% MP)
                  | [potion of mutation]
 54475 | Depths:1 | Lost mutation: Your spells are a little harder to cast, but
                  | a little more powerful. [potion of mutation]
 54475 | Depths:1 | Lost mutation: Scrolls take you a little longer to read.
                  | [potion of mutation]
 54475 | Depths:1 | Gained mutation: Your mind is acute. (Int +2) [potion of
                  | mutation]
 54475 | Depths:1 | Gained mutation: You occasionally shout uncontrollably at
                  | your foes. [potion of mutation]
 54475 | Depths:1 | Gained mutation: Your flesh is heat resistant. (rF+)
                  | [potion of mutation]
 54516 | Depths:1 | Found a runed translucent door.
 54548 | Depths:1 | Found a gateway to Hell.
 54568 | Depths:1 | Found a one-way gate to the infinite horrors of the Abyss.
 55647 | Depths:2 | Paralysed by a floating eye for 2 turns
 55653 | Depths:2 | Paralysed by a floating eye for 2 turns
 55668 | Depths:2 | Paralysed by a floating eye for 4 turns
 55963 | Depths:2 | Reached skill level 19 in Shields
 56535 | Depths:2 | Learned a level 2 spell: Blink
 56963 | Depths:3 | Reached XP level 24. HP: 193/193 MP: 39/39
 56990 | Depths:3 | Reached skill level 1 in Translocations
 57253 | Vaults:1 | You paid a toll of 12 potions of heal wounds to enter a
                  | treasure trove
 57254 | Trove    | Entered a treasure trove
 57283 | Trove    | Identified the +1 leather armour of the Guilds {Str+6}
 57914 | Depths:1 | Bought a potion of might for 40 gold pieces
 57914 | Depths:1 | Bought a potion of might for 40 gold pieces
 57914 | Depths:1 | Bought a potion of curing for 30 gold pieces
 57914 | Depths:1 | Bought a potion of magic for 80 gold pieces
 57914 | Depths:1 | Bought 2 potions of curing for 60 gold pieces
 57914 | Depths:1 | Bought 2 potions of curing for 60 gold pieces
 57914 | Depths:1 | Bought a potion of curing for 30 gold pieces
 57945 | Depths:3 | Gained mutation: You sometimes yell uncontrollably at your
                  | foes. [a cacodemon]
 58788 | Depths:3 | Noticed a juggernaut
 58850 | Depths:3 | Killed a juggernaut
 59354 | Depths:3 | Found the +9 sword of Zonguldrok {reap}
 59892 | Depths:4 | Reached skill level 20 in Shields
 60196 | Depths:4 | Found a runed translucent gate.
 60197 | Depths:4 | Found a runed translucent gate.
 60197 | Depths:4 | Found an opulent altar of Gozag.
 60198 | Depths:4 | Found a runed translucent gate.
 60198 | Depths:4 | Noticed Starbright's ghost (veteran DsFi)
 60286 | Depths:4 | Found Sucen's Assorted Antiques.
 60473 | Depths:4 | Found Hin Dees's Assorted Antiques.
 61057 | Depths:4 | Killed Starbright's ghost
 61152 | Depths:5 | Entered Level 5 of the Depths
 61162 | Depths:5 | Noticed the Enchantress
 61187 | Depths:5 | Killed the Enchantress
 61342 | Depths:5 | Gained mutation: You are surrounded by a strong repulsion
                  | field. (EV +4, RMsl) [demonic ancestry]
 61342 | Depths:5 | Reached XP level 25. HP: 191/199 MP: 39/39
 61512 | Depths:5 | Found a gate to the Realm of Zot.
 61562 | Depths:5 | Reached skill level 21 in Shields
 61760 | Depths:5 | Noticed Mennas
 61824 | Depths:5 | Killed Mennas
 62872 | D:13     | Bought a scroll of teleportation for 81 gold pieces
 62872 | D:13     | Bought a scroll of fear for 94 gold pieces
 62966 | Orc:2    | Bought a potion of brilliance for 48 gold pieces
 62966 | Orc:2    | Bought a scroll of magic mapping for 42 gold pieces
 62966 | Orc:2    | Bought a scroll of blinking for 90 gold pieces
 63043 | D:12     | Bought 2 potions of might for 96 gold pieces
 63043 | D:12     | Bought 2 potions of magic for 192 gold pieces
 63043 | D:12     | Bought a potion of haste for 120 gold pieces
 63043 | D:12     | Bought a potion of brilliance for 48 gold pieces
 63043 | D:12     | Bought a potion of curing for 36 gold pieces
 63630 | Depths:4 | Bought a potion of might for 124 gold pieces
 63833 | Orc:2    | Bought a potion of curing for 99 gold pieces
 64043 | Zot:1    | Entered Level 1 of the Realm of Zot
 64110 | Depths:5 | Reached skill level 22 in Shields
 64195 | Zot:1    | Noticed an orb of fire
 64294 | Depths:5 | Lost mutation: You sometimes yell uncontrollably at your
                  | foes. [an orb of fire]
 64302 | Depths:5 | Gained mutation: You are somewhat resistant to further
                  | mutation. [an orb of fire]
 64308 | Depths:5 | Gained mutation: You tend to lose your temper in combat.
                  | [an orb of fire]
 64316 | Depths:5 | Killed an orb of fire
 64700 | Zot:1    | Identified the +6 scale mail of the Shining Light {Str+2}
 64719 | Zot:1    | Reached skill level 23 in Shields
 64912 | Zot:1    | Identified Sif Muna's Handbook of Igneous Confrontation
 65623 | Elf:3    | Lost mutation: You are resistant to electric shocks.
                  | (rElec) [potion of mutation]
 65623 | Elf:3    | Lost mutation: You tend to lose your temper in combat.
                  | [potion of mutation]
 65623 | Elf:3    | Lost mutation: You occasionally shout uncontrollably at
                  | your foes. [potion of mutation]
 65623 | Elf:3    | Lost mutation: Your mind is acute. (Int +2) [potion of
                  | mutation]
 66191 | Zot:2    | Gained mutation: You are somewhat able to resist unholy
                  | torments (1 in 2 success). [demonic ancestry]
 66191 | Zot:2    | Reached XP level 26. HP: 206/206 MP: 39/39
 66412 | Zot:5    | Entered Level 5 of the Realm of Zot
 66598 | Zot:5    | Noticed an orb of fire
 66600 | Zot:5    | Cast into level 3 of the Abyss (red draconian)
 66642 | Abyss:3  | Reached skill level 24 in Shields
 66816 | Abyss:3  | Gained mutation: Scrolls take you a little longer to read.
                  | [a neqoxec]
 66881 | Zot:5    | Escaped the Abyss
 66911 | Zot:5    | Killed an orb of fire
 67083 | Zot:5    | Noticed an orb of fire
 67091 | Zot:5    | Noticed an orb of fire
 67092 | Zot:5    | Noticed a dread lich
 67092 | Zot:5    | Noticed a dread lich
 67105 | Zot:5    | Noticed an orb of fire
 67116 | Zot:5    | Noticed a dread lich
 67166 | Zot:4    | Killed a dread lich
 67301 | Zot:4    | Killed an orb of fire
 67302 | Zot:4    | Reached skill level 25 in Shields
 67316 | Zot:4    | Killed a dread lich
 67332 | Zot:5    | Gained mutation: You are somewhat resistant to both further
                  | mutation and mutation removal. [an orb of fire]
 67355 | Zot:4    | Gained mutation: You are frail. (-10% HP) [a cacodemon]
 67362 | Zot:4    | Gained mutation: You are very frail. (-20% HP) [a
                  | cacodemon]
 67370 | Zot:4    | Gained mutation: Your spells are a little easier to cast,
                  | but a little less powerful. [a cacodemon]
 67377 | Zot:4    | Gained mutation: You are almost entirely resistant to
                  | further mutation and mutation removal. [an orb of fire]
 67378 | Zot:4    | Killed an orb of fire
 67394 | Zot:4    | Killed a dread lich
 67613 | Zot:5    | Noticed a dread lich
 67647 | Zot:5    | Killed a dread lich
 67732 | Zot:5    | Killed an orb of fire
 67754 | Zot:5    | Noticed an ancient lich
 67770 | Zot:5    | Noticed an ancient lich
 67798 | Zot:5    | Killed an ancient lich
 67811 | Zot:5    | Gained mutation: Your melee attacks may debilitate your
                  | foes. [demonic ancestry]
 67811 | Zot:5    | Reached XP level 27. HP: 160/170 MP: 39/39
 67814 | Zot:5    | Killed an ancient lich
 67815 | Zot:5    | Noticed a dread lich
 67845 | Zot:5    | Killed a dread lich
 67887 | Zot:5    | Noticed an ancient lich
 67903 | Zot:5    | Killed an ancient lich
 67948 | Zot:5    | Noticed an ancient lich
 67971 | Zot:5    | Killed an ancient lich
 67984 | Zot:5    | Noticed an ancient lich
 68007 | Zot:5    | Noticed an ancient lich
 68014 | Zot:5    | Mangled by an Orb Guardian

Illustrated notes

Levels and vault maps discovered:
D:1:      co_arrival_random_square_maze, layout_basic, grunt_decor_arrowhead
D:2:      mumra_celtic_spiral_tile, layout_rooms,
          chequers_ecumenical_altar_simple_redux, amcnicky_mini_corridor_feature
D:3:      layout_loops_ring, pdpol_wu_jian_five_deadly_venoms,
          minmay_overflow_temple_star_hex, chequers_serial_rivers_small_b,
          uniq_terence, uniq_ijyb
D:4:      layout_basic, minmay_temple_entry_enclosed_plants,
          ebering_ghost_rock_garden
D:5:      layout_rooms, ebering_ghost_sewer_d, kennysheep_path_1
D:6:      layout_cave_pools
D:7:      layout_loops_corners, kennysheep_decorative_pillar
D:8:      layout_cave_pools, lair_entry_dummy, serial_shops, shop, basic_altar
D:9:      layout_basic, serial_shops, shop, shop, shop, nicolae_shop_waterfront,
          nicolae_shop_waterfront, amcnicky_altar_gilded
D:10:     layout_irregular_city, grunt_decor_mini_mirrors
D:11:     layout_roguey, basic_altar, gammafunk_ghost_necromancy
D:12:     layout_gridville, orc_0_dummy, serial_shops, nicolae_shop_behind_doors
D:13:     layout_cave_pods, serial_shops, shop, portal_ice_cave_entry_pillars_2,
          uniq_frances, uniq_azrael, uniq_jorgrun
D:14:     layout_rooms, skrybe_vaults_entry_preservation, lemuel_doored_altar
D:15:     gammafunk_enter_depths_forms, layout_stronghold, amethyst_killhole
Temple:   eino_temple_scatter_basement
Lair:1:   layout_layer_cave, basic_altar, special_room [special_room_bee],
          beast_lair_carwin_10, lemuel_fruit_tree, grunt_megastairs_1
Lair:2:   layout_cellular_growth, minmay_shoals_entry_lonely_mermaid,
          cheibrodos_lair_caveside_slide
Lair:3:   layout_cave_pods, grunt_megastairs_3, minmay_lair_oklob_chamber
Lair:4:   layout_gridlike, dummy_snake_entry, ebering_ghost_disaster_area,
          special_room [special_room_mythical_zoo]
Lair:5:   layout_layer_cave, slime_dummy, grunt_forest_large_clearings
Lair:6:   hangedman_lair_tendril_chambers, layout_loops_ring, minivault_11
Shoals:1: layout_shoals, uniq_louise, uniq_donald
Shoals:2: layout_shoals, serial_shops, nicolae_shop_crystal
Shoals:3: layout_shoals, uniq_polyphemus, uniq_ilsuiw, uniq_bai_suzhen
Shoals:4: shoals_end_grunt_garden, layout_shoals
Snake:1:  layout_grid_shapes
Snake:2:  layout_onion, serial_shops, shop, uniq_aizul
Snake:3:  kennysheep_six_static_rooms, layout_layer_cave, grunt_ministairs_2,
          uniq_vashnia
Snake:4:  snake_pit, layout_concentric_octagons, serial_shops, shop
Orc:1:    layout_caves, basic_altar
Orc:2:    grunt_orc_cross, layout_caves, special_room, serial_shops, shop, shop,
          shop, nicolae_shop_waterfront, shop_statue, nicolae_orc_stony_grotto,
          lightli_church_of_beogh
Elf:1:    layout_loops_corners, serial_shops, shop, minmay_elf_necromancy,
          nicolae_elf_big_sculpture_3
Elf:2:    layout_geoelf_octagon
Elf:3:    minmay_elf_hall_four_x, layout_geoelf_octagon, basic_altar,
          billiards_dpeg, uniq_mara
Vaults:1: nicolae_vaults_what_the_h, ontoclasm_vaults_chip,
          nicolae_vaults_little_ls, vaults_standard_mumra_x,
          ontoclasm_vaults_decontamination, hangedman_vaults_corner,
          hangedman_vaults_variations, layout_vaults_omnigrid,
          nicolae_trove_entry_path_of_doom
Vaults:2: v_misc_30, vaults_dpeg_spiral, v_misc_13,
          nicolae_vaults_little_squares_6, vaults_room_fancy_cross, v_misc_16,
          nicolae_vaults_windows_and_doors_thing, ontoclasm_vaults_shuriken,
          vaults_mumra_minichess_inversion, nicolae_vaults_little_squares_6,
          layout_vaults_big_room, serial_shops, bzr_entry_dummy, uniq_margery,
          uniq_sojobo
Vaults:3: vaults_mumra_lcd, v_pattern_4, hangedman_vaults_slice,
          ontoclasm_vaults_ligature, nicolae_vaults_quartermaster,
          vaults_room_ringed_pool, blue_anna_dwarven_crypt, v_misc_2,
          vaults_room_fours, v_rooms_1, v_alt_pattern_5, v_misc_14,
          layout_vaults_ring, serial_shops, shop_statue, basic_altar,
          uniq_nikola
Vaults:4: ontoclasm_vaults_misaligned, nicolae_vaults_three_branches,
          vaults_mumra_hex, vaults_dpeg_doors, nicolae_vaults_hallways_thing,
          v_alt_pattern_2, vaults_room_large_hall, hangedman_vaults_stitches,
          vaults_not_door_vault_mu, nicolae_vaults_little_squares_5,
          nicolae_vaults_angled_halls, sword_in_stone, v_rooms_4, v_misc_29,
          layout_vaults_maze_snakey
Vaults:5
Depths:1: layout_forbidden_donut, enter_ziggurat_f, rand_demon_pan_entry_3,
          hell_entry, abyss_entry, serial_shops, shop, kennysheep_treasure_room,
          hangedman_decor_cross_pass
Depths:2: minmay_big_diamond_grid, layout_basic, nicolae_benzene_ring,
          abyss_entry, hangedman_coc_ice_floe
Depths:3: kennysheep_large_spiral, layout_gridlike, grunt_mini_vestibule,
          nicolae_wwwww, grunt_pan_entry_in_and_out, minmay_crystal_room,
          dk_noncrumbling_3, minmay_guarded_unrand_zonguldrok,
          infiniplex_staircase_pool_2
Depths:4: minmay_box_of_statues, layout_gridlike, ebering_ghost_gozag,
          hangedman_abyss_entry_splay, hangedman_tar_grid_catacomb,
          grunt_pan_entry_sceptre, fountainhead, serial_co_window_serial,
          co_window_of_opportunity_a, co_window_paths_b, co_window_paths_b,
          co_window_cross_1, co_window_paths_a, co_window_broadway_c,
          co_window_paths_c, co_window_2corner, co_window_corner_ca
Depths:5: evilmike_zot_entry_round, layout_gridlike, minmay_misc_feat_plants,
          abyss_entry, grunt_hell_entry_dis_old, uniq_enchantress, uniq_mennas
Zot:1:    hangedman_zot_vaults_quadrants, layout_onion_interference,
          zot_minivault_1
Zot:2:    layout_gridlike, lemuel_flame_loot_1
Zot:3:    layout_cellular_growth, st_stairs_5, hangedman_zot_diagonal_lockstep,
          lemuel_elevator
Zot:4:    layout_cathedral_of_symmetry, st_stairs_3
Zot:5:    layout_basic, st_stairs_8

Skill      XL: |  1  2  3  4  5  6  7  8  9 10 11 12 13 14 15 16 17 18 19 20 21 22 23 24 25 26 27 |
---------------+----------------------------------------------------------------------------------+-----
Polearms       | 2 3 4 5 6 8 10 12 13 14 | 14.0
Shields        | 3 6 11 13 14 15 16 17 18 19 20 23 25 | 25.0
Invocations    | 3 7 9 12 13 15 16 17 18 20 21 | 21.9
Armour         | 3 5 7 9 10 12 13 14 15 16 17 18 | 18.7
Dodging        | 2 4 6 8 10 11 12 13 14 15 16 17 | 17.2
Fighting       | 5 7 9 11 12 13 14 15 16 | 16.7
Spellcasting   | 2 5 6 8 9 10 11 12 | 12.8
Translocations | 3 |  3.2

Action                   |  1- 3 |  4- 6 |  7- 9 | 10-12 | 13-15 | 16-18 | 19-21 | 22-24 | 25-27 || total
-------------------------+-------+-------+-------+-------+-------+-------+-------+-------+-------++-------
Melee: Trident           |   119 |   190 |   464 |  1077 |   825 |    99 |       |       |       ||  2774
       Headbutt          |       |    35 |    81 |   229 |   748 |   652 |   545 |   801 |   594 ||  3685
       Spear             |       |       |       |       |  1765 |   484 |       |       |       ||  2249
       Demon trident     |       |       |       |       |       |  1638 |  1491 |  2231 |  1563 ||  6923
Throw: Dart              |       |     9 |       |       |       |       |       |       |       ||     9
       Javelin           |       |       |       |       |       |     2 |       |       |       ||     2
 Cast: Blink             |       |       |       |       |       |       |       |       |     2 ||     2
Invok: Upheaval          |       |       |       |       |       |     9 |    20 |     4 |       ||    33
       Disaster Area     |       |       |       |       |       |     1 |     5 |       |       ||     6
  Use: Scroll            |       |     3 |     8 |     5 |    17 |    11 |    11 |     7 |     5 ||    67
       Potion            |       |     1 |     5 |       |     2 |     3 |     2 |     4 |     3 ||    20
 Stab: Distracted        |       |       |     1 |     1 |       |       |     3 |     6 |     4 ||    15
       Confused          |       |       |       |       |       |     1 |       |       |       ||     1
       Petrified         |       |       |       |       |       |       |    12 |       |       ||    12
       Petrifying        |       |       |       |       |       |       |     1 |       |       ||     1
       Paralysed         |       |       |       |       |       |       |       |       |     1 ||     1
Armor: Plate armour      |    90 |    72 |       |       |       |   100 |   331 |   402 |   367 ||  1362
       Scale mail        |       |    25 |   165 |   306 |   402 |    41 |       |       |       ||   939
       Chain mail        |       |       |       |       |       |   105 |       |       |       ||   105
       Ring mail         |       |       |       |       |       |   102 |       |       |       ||   102
Dodge: Dodged            |     8 |    39 |   125 |   192 |   483 |   520 |   332 |   582 |   589 ||  2870
       Repelled          |       |       |       |     2 |     5 |    35 |    20 |    40 |    42 ||   144
Block: Kite shield       |    81 |   120 |   299 |   956 |  2317 |   577 |       |       |       ||  4350
       Tower shield      |       |       |       |       |       |  2126 |  1717 |  2368 |  2006 ||  8217

Table legend: (Time is in decaauts)
 A = Elapsed time spent in this place.
 B = Non-inter-level travel time spent in this place.
 C = Inter-level travel time spent in this place.
 D = Time resting spent in this place.
 E = Time spent auto-exploring this place.
 F = Levels seen in this place.
 G = Mean time per level.
                   A        B        C        D        E       F      G
               +--------+--------+--------+--------+--------+-----+--------+
         Total |  65167 |  54867 |  10300 |   3226 |  31621 |  54 | 1206.8 |
       Dungeon |  22145 |  17206 |   4939 |   1301 |   9624 |  15 | 1476.3 |
        Temple |     20 |     20 |      0 |      0 |      2 |   1 |   20.0 |
          Lair |   9609 |   8368 |   1241 |    363 |   5408 |   6 | 1601.5 |
        Shoals |   4024 |   3898 |    126 |    435 |   2107 |   4 | 1006.0 |
     Snake Pit |   3598 |   3347 |    251 |     71 |   2273 |   4 |  899.5 |
  Orcish Mines |   2697 |   1646 |   1051 |      3 |   1065 |   2 | 1348.5 |
   Elven Halls |   3302 |   3032 |    270 |     30 |   1940 |   3 | 1100.7 |
        Vaults |   8681 |   7095 |   1586 |    272 |   4348 |   5 | 1736.2 |
        Depths |   7698 |   6902 |    796 |    364 |   4177 |   5 | 1539.6 |
           Zot |   2028 |   1991 |     37 |    383 |    102 |   5 |  405.6 |
         Abyss |    224 |    224 |      0 |      0 |     39 |   1 |  224.0 |
        Bazaar |    169 |    169 |      0 |      0 |     85 |   1 |  169.0 |
         Trove |     45 |     45 |      0 |      0 |     23 |   1 |   45.0 |
      Ice Cave |    920 |    920 |      0 |      0 |    426 |   1 |  920.0 |
               +--------+--------+--------+--------+--------+-----+--------+

Top non-repeatable levels by time:
     D:7: 2525 daAuts
     D:3: 2472 daAuts
  Lair:1: 2266 daAuts
     D:4: 2214 daAuts
Vaults:1: 2141 daAuts
   Orc:2: 2119 daAuts
Vaults:3: 1890 daAuts
Depths:3: 1877 daAuts
  Lair:2: 1842 daAuts
    D:15: 1816 daAuts
     D:1: 1749 daAuts
Depths:5: 1736 daAuts
Vaults:2: 1702 daAuts
Depths:4: 1690 daAuts
  Lair:3: 1656 daAuts
